 Dungeon Crawl Stone Soup version 0.22.1-2-g9c5b331 (webtiles) character file.

58153 Fang the Severer (level 14, 0/94 HPs)
             Began as a Gargoyle Berserker on Dec 11, 2018.
             Was the Champion of Trog.
             Slain by a killer bee (2 damage)
             ... while paralysed
             ... on level 12 of the Dungeon.
             The game lasted 00:30:48 (17856 turns).

Fang the Severer (Gargoyle Berserker)              Turns: 17856, Time: 00:30:48

Health: 0/94       AC: 26    Str: 30    XL:     14   Next: 89%
Magic:  14/14      EV:  2    Int: 12    God:    Trog [******]
Gold:   1258       SH:  0    Dex:  9    Spells: 13/13 levels left

rFire    . . .     SeeInvis .   s - +2 battleaxe (flame)
rCold    . . .     Gourm    .   (shield currently unavailable)
rNeg     + . .     Faith    .   P - +2 scale mail of Freedom {Int+3}
rPois    ∞         Spirit   .   G - +2 hat
rElec    +         Reflect  .   M - +1 cloak {+Inv}
rCorr    .         Harm     .   (no gloves)
MR       +....                  (no boots)
Stlth    +.........             O - amulet of regeneration
HPRegen  0.65/turn              q - +3 ring of strength
MPRegen  0.14/turn              w - +2 ring of strength

@: paralysed, berserk cooldown, flying, fainting, slowed
A: big wings, negative energy resistance 1, electricity resistance, unbreathing,
petrification resistance, rot immunity, AC +10
a: Stop Flying, Berserk, Trog's Hand, Brothers in Arms, Renounce Religion, Evoke
Invisibility


You were on level 12 of the Dungeon.
You worshipped Trog.
Trog was exalted by your worship.
You were fainting.

You visited 2 branches of the dungeon, and saw 18 of its levels.
You also visited: Labyrinth and Ossuary.

You collected 1258 gold pieces.

Inventory:

Hand Weapons
 h - a +6 war axe
 s - a +2 battleaxe of flaming (weapon)
 T - a +4 antimagic executioner's axe
Armour
 j - a +1 plate armour
 r - the +0 chain mail of the Morning {Str+4}
   (You found it on level 11 of the Dungeon)

   It affects your strength (+4).
 G - a +2 hat (worn)
 M - a +1 cloak of invisibility (worn)
 P - the +2 scale mail of Freedom (worn) {Int+3}
   (You took it off a minotaur in a labyrinth)

   It affects your intelligence (+3).
 S - the +0 robe "Nooshreile" {rF+ Stlth+}
   (You found it in a labyrinth)

   It protects you from fire.
   It makes you more stealthy.
Jewellery
 l - an uncursed ring of ice
 q - a +3 ring of strength (left hand)
 w - a +2 ring of strength (right hand)
 E - an uncursed amulet of the acrobat
 O - an amulet of regeneration (around neck)
 V - an uncursed ring of ice
Wands
 a - a wand of polymorph (52)
 o - a wand of flame (86)
 v - a wand of acid (27)
 y - a wand of disintegration (57)
 D - a wand of paralysis (27)
 F - a wand of iceblast (27)
 J - a wand of random effects (40)
 K - a wand of enslavement (32)
 N - a wand of digging (23)
 Q - a wand of scattershot (10)
Scrolls
 b - 4 scrolls of blinking
 f - 5 scrolls of remove curse
 n - 4 scrolls of teleportation
 t - 3 scrolls of holy word
 B - 4 scrolls of fear
 I - 2 scrolls of fog
 R - a scroll of summoning
 U - 2 scrolls of identify
 W - a scroll of enchant weapon
Potions
 d - 7 potions of curing
 e - 3 potions of magic
 g - 3 potions of lignification
 i - 5 potions of brilliance
 k - 5 potions of flight
 m - 2 potions of cancellation
 p - a potion of berserk rage
 u - 2 potions of haste
 x - 4 potions of might
 z - a potion of ambrosia
 A - 3 potions of heal wounds
 C - 2 potions of agility
 H - a potion of mutation
 L - 4 potions of resistance
Comestibles
 c - 30 rations


   Skills:
 + Level 13.4 Fighting
 + Level 16.6 Axes
 + Level 12.0 Armour
 + Level 5.1 Dodging
 + Level 3.0 Stealth
 + Level 1.3 Unarmed Combat


You had 13 spell levels left.
You didn't know any spells.
Your spell library was empty.

Dungeon Overview and Level Annotations

Branches:
Dungeon (12/15)            Temple (0/1) D:5            Lair (6/6) D:8
  Swamp (0/4) Lair:4        Snake (0/4) Lair:4        Slime (0/5) Lair:5
    Orc (0/2) D:11

Altars:
Dithmenos
Elyvilon
Fedhas
Kikubaaqudgha
Nemelex Xobeh
Qazlal
Ru
Sif Muna
Uskayaw
Wu Jian
Xom
The Shining One

Annotations:
D:12 3 runed doors, Fang's ghost, journeyman GrBe
Lair:4 exclusion: 3 oklob plants
Lair:5 1 runed door, ck1fx's ghost, journeyman GrMo


Innate Abilities, Weirdness & Mutations

You are resistant to torment.
Your stone body is resilient. (AC +10)
You are immune to poison.
Your large and strong wings let you fly indefinitely.
You resist negative energy. (rN+)
You are resistant to electric shocks. (rElec)
You can survive without breathing.
You are immune to petrification.
You are immune to rotting.


Message History

You feel yourself slow down.
The killer bee buzzes angrily.
The killer bee stings you but does no damage. x6
The manticore bites you!
* * * LOW HITPOINT WARNING * * *
The manticore claws you but does no damage. x2
The queen bee stings you but does no damage.
The flayed ghost hits you!
* * * LOW HITPOINT WARNING * * *
The deep elf mage gestures wildly while chanting.
The deep elf mage blinks!
The killer bee stings you but does no damage.
The killer bee barely misses you. The killer bee stings you.
* * * LOW HITPOINT WARNING * * *
The killer bee stings you but does no damage.
The deep elf mage mumbles some strange words.
The killer bee stings you.
* * * LOW HITPOINT WARNING * * *
The killer bee stings you.
You die...

############ # ##
##.#.##....#. #.#.≈
#....#..#..##
.....########≈......#...
.#..P≈≈≈≈≈≈≈≈.....#....#
.....≈yyy≈≈≈≈≈...#..#.#.
.E..≈≈H@≈≈≈≈≈.....#..#..
....y≈W≈≈≈≈≈≈P..#.#.#.#.
e...≈§5##≈≈≈≈...#..#....
....D≈≈ #≈≈≈≈≈....#.##†#
#.#.≈≈≈ ≈≈≈≈≈....#....#.
.....≈≈≈≈≈≈≈≈P..#..##...
#.#.P≈≈ ≈≈≈≈...........
.e...≈≈ ≈≈≈≈≈..........
........


You could see a swamp dragon, a flayed ghost, a manticore, 2 deep elf magi, a
queen bee, a fire elemental, 3 killer bees and a crimson imp.

Vanquished Creatures
  Gastronok (Lair:1)
  Kirke (Lair:6)
  A minotaur (Lab)
  Josephine (D:11)
  3 hydras (Lair:6)
  A death knight (D:12)
  A centaur warrior (D:11)
  2 two-headed ogres
  Sonja (Lair:3)
  Nergalle (Lair:2)
  Pikel (D:4)
  A cyclops (D:12)
  15 elephants
  2 black mambas
  Psyche (D:11)
  A torpor snail (Lair:3)
  17 spiny frogs
  2 rime drakes
  A gargoyle (D:9)
  4 komodo dragons
  2 polar bears
  A hornet (D:11)
  3 meliai (D:12)
  2 trolls
  4 tyrant leeches (Lair:6)
  24 blink frogs
  4 slime creatures (D:12)
  9 hippogriffs
  A wolf spider simulacrum (D:12)
  3 bog bodies (Lair:4)
  Sigmund (D:2)
  31 yaks
  A redback (Lab)
  6 wraiths
  A human (D:10)
  4 basilisks
  8 hogs
  2 hungry ghosts
  Menkaure (D:7)
  7 vampire mosquitoes
  A swamp worm (Lair:4)
  A naga (Lair:4)
  A soldier ant (D:9)
  An acid dragon (D:12)
  12 water moccasins
  10 porcupines
  2 ice beasts
  3 orc warriors
  4 phantoms
  2 sky beasts
  A black bear (D:6)
  An ogre (D:10)
  8 wolves
  The ghost of Aeroq the Charlatan, an amateur DsAr (D:3)
  11 centaurs
  9 crocodiles
  17 bullfrogs
  A water moccasin zombie (D:12)
  A scorpion (Lair:1)
  30 killer bees
  16 wights
  10 electric eels
  4 crimson imps
  2 bullfrog zombies
  4 howler monkeys
  7 centaur zombies
  3 jellies
  A quasit (D:5)
  10 hounds
  Crazy Yiuf (D:2)
  3 orc priests (D:9)
  10 orc wizards
  2 centaur skeletons
  An iguana (D:12)
  Ijyb (D:2)
  5 worker ants
  4 big kobold zombies (Ossuary)
  2 hound skeletons (D:9)
  6 mummies
  A howler monkey zombie (D:6)
  13 adders
  11 river rats (D:6)
  3 shadow imps
  2 oozes
  2 adder zombies
  3 worms
  A dart slug (D:3)
  6 leopard geckos
  34 orcs
  6 giant cockroaches
  8 goblins
  10 hobgoblins
  8 jackals
  9 kobolds
  8 quokkas
  A ball python (D:1)
  9 bats
  3 frilled lizards
  2 goblin zombies (D:5)
  6 hobgoblin zombies
  A jackal zombie (D:7)
  2 kobold zombies (D:5)
  A leopard gecko skeleton (D:8)
  2 orc skeletons (D:5)
  An orc zombie (D:5)
  3 quokka skeletons
  20 rats
  4 fungi
  5 plants
567 creatures vanquished.

Vanquished Creatures (collateral kills)
  2 hydras
  6 death yaks (Lair:3)
  A troll (D:11)
  A tyrant leech (Lair:6)
  A yak (Lair:3)
  A water moccasin (Lair:5)
  An orc warrior (D:11)
  A centaur (D:11)
  2 orcs (D:11)
16 creatures vanquished.

Vanquished Creatures (others)
  A human (Lair:6)
  A killer bee (D:12)
  An adder (D:12)
  A quokka (D:5)
  A ball python (D:4)
  A frilled lizard (D:5)
  A hobgoblin zombie (D:5)
  2 kobold zombies (D:5)
  An orc skeleton (D:5)
  2 orc zombies (D:5)
  22 fungi
  41 plants
  2 withered plants (Lair:5)
77 creatures vanquished.

Grand Total: 660 creatures vanquished

Notes
Turn   | Place    | Note
-------+----------+-------------------------------------------
     0 | D:1      | Fang the Gargoyle Berserker began the quest for the Orb.
     0 | D:1      | Reached XP level 1. HP: 14/14 MP: 1/1
   510 | D:1      | Reached XP level 2. HP: 17/19 MP: 2/2
   513 | D:1      | Reached skill level 3 in Axes
  1011 | D:2      | Found a shadowy altar of Dithmenos.
  1258 | D:2      | Found a deep blue altar of Sif Muna.
  1329 | D:2      | Reached XP level 3. HP: 15/24 MP: 3/3
  1377 | D:2      | Noticed Sigmund
  1393 | D:2      | Killed Sigmund
  1393 | D:2      | Reached skill level 4 in Axes
  1393 | D:2      | Reached XP level 4. HP: 26/30 MP: 4/4
  1393 | D:2      | Reached XP level 5. HP: 30/34 MP: 5/5
  1524 | D:2      | Noticed Ijyb
  1528 | D:2      | Reached ** piety under Trog
  1538 | D:2      | Killed Ijyb
  1538 | D:2      | Reached XP level 6. HP: 39/39 MP: 6/6
  1597 | D:2      | Found a runed door.
  1850 | D:2      | Noticed Crazy Yiuf
  1854 | D:2      | Killed Crazy Yiuf
  1955 | D:3      | Found a runed gate.
  1955 | D:3      | Found a runed gate.
  2046 | D:3      | Found a runed gate.
  2047 | D:3      | Noticed Aeroq's ghost (amateur DsAr)
  2753 | D:3      | Killed Aeroq's ghost
  2753 | D:3      | Reached skill level 5 in Axes
  2753 | D:3      | Reached XP level 7. HP: 44/44 MP: 7/7
  2801 | D:4      | Noticed Pikel
  2817 | D:4      | Killed Pikel
  2817 | D:4      | Reached skill level 5 in Fighting
  2817 | D:4      | Reached skill level 6 in Axes
  2817 | D:4      | Reached XP level 8. HP: 50/50 MP: 8/8
  2870 | D:4      | Found a white marble altar of Elyvilon.
  2984 | D:4      | Reached skill level 5 in Armour
  3248 | D:4      | Found a blossoming altar of Fedhas.
  3248 | D:4      | Found a hide-covered altar of Uskayaw.
  3253 | D:4      | Found an ornate altar of the Wu Jian Council.
  3255 | D:4      | Found a stormy altar of Qazlal.
  3257 | D:4      | Found a white marble altar of Elyvilon.
  3593 | D:5      | Entered Level 5 of the Dungeon
  3655 | D:5      | Found a staircase to the Ecumenical Temple.
  3663 | D:5      | Found a sparkling altar of Nemelex Xobeh.
  3751 | D:5      | Reached *** piety under Trog
  3947 | D:5      | Found an ancient bone altar of Kikubaaqudgha.
  3977 | D:5      | Found a sand-covered staircase.
  3991 | Ossuary  | Entered an ossuary
  4131 | Ossuary  | Reached skill level 7 in Axes
  4355 | D:5      | Found a glowing golden altar of the Shining One.
  4597 | D:6      | Reached **** piety under Trog
  4597 | D:6      | Reached XP level 9. HP: 35/55 MP: 9/9
  4599 | D:6      | Reached skill level 8 in Axes
  5229 | D:6      | Found a sacrificial altar of Ru.
  5437 | D:7      | Noticed Menkaure
  5446 | D:7      | Killed Menkaure
  5446 | D:7      | Reached skill level 9 in Axes
  5447 | D:7      | Received a gift from Trog
  5750 | D:7      | Reached ***** piety under Trog
  6511 | D:8      | Reached XP level 10. HP: 61/63 MP: 10/10
  6527 | D:8      | Reached skill level 10 in Axes
  6527 | D:8      | Reached skill level 1 in Stealth
  6554 | D:8      | Found a staircase to the Lair.
  7285 | D:9      | Found a shimmering altar of Xom.
  7303 | D:9      | Noticed a gargoyle
  7312 | D:9      | Killed a gargoyle
  7979 | D:10     | Entered Level 10 of the Dungeon
  7987 | D:10     | Reached skill level 11 in Axes
  8202 | D:10     | Noticed a two-headed ogre
  8210 | D:10     | Killed a two-headed ogre
  8210 | D:10     | Reached XP level 11. HP: 62/69 MP: 11/11
  8296 | D:10     | Found a deep blue altar of Sif Muna.
  8505 | D:11     | Noticed Psyche
  8510 | D:11     | Killed Psyche
  8524 | D:11     | Found a staircase to the Orcish Mines.
  8527 | D:11     | Noticed a centaur warrior
  8533 | D:11     | Killed a centaur warrior
  8533 | D:11     | Reached skill level 12 in Axes
  8613 | D:11     | Noticed Josephine
  8626 | D:11     | Killed Josephine
  8813 | D:11     | Reached ****** piety under Trog
  8836 | D:11     | Got a pitted chain mail
  8847 | D:11     | Identified the cursed +0 chain mail of the Morning {Str+4}
                  | (You found it on level 11 of the Dungeon)
  9004 | D:11     | Received a gift from Trog
  9310 | D:11     | Reached skill level 13 in Axes
  9322 | D:11     | Reached XP level 12. HP: 65/77 MP: 12/12
  9561 | Lair:1   | Entered Level 1 of the Lair of Beasts
 10214 | Lair:1   | Reached skill level 10 in Fighting
 10696 | Lair:1   | Noticed Gastronok
 10712 | Lair:1   | Killed Gastronok
 10712 | Lair:1   | Reached skill level 10 in Armour
 11086 | Lair:2   | Noticed Nergalle
 11099 | Lair:2   | Killed Nergalle
 11999 | Lair:3   | Found a labyrinth entrance.
 12011 | Lab      | Entered a labyrinth
 12124 | Lab      | Reached skill level 14 in Axes
 12219 | Lab      | Noticed a minotaur
 12234 | Lab      | Killed a minotaur
 12238 | Lab      | Got an ichor-stained scale mail
 12291 | Lab      | Got a heavy robe
 12302 | Lab      | Identified the +2 scale mail of Freedom {Int+3} (You took
                  | it off a minotaur in a labyrinth)
 12312 | Lab      | Identified the +0 robe "Nooshreile" {rF+ Stlth+} (You found
                  | it in a labyrinth)
 12384 | Lair:3   | Noticed an eight-headed hydra
 12389 | Lair:3   | Killed a nine-headed hydra
 12518 | Lair:3   | Noticed a death yak
 12518 | Lair:3   | Noticed a death yak
 12519 | Lair:3   | Noticed a death yak
 12519 | Lair:3   | Noticed a death yak
 12521 | Lair:3   | Noticed a death yak
 12522 | Lair:3   | Noticed a death yak
 12532 | Lair:3   | Killed a death yak
 12533 | Lair:3   | Killed a death yak
 12539 | Lair:3   | Killed a death yak
 12539 | Lair:3   | Killed a death yak
 12542 | Lair:3   | Killed a death yak
 12564 | Lair:3   | Killed a death yak
 12564 | Lair:3   | Reached XP level 13. HP: 28/84 MP: 13/13
 12976 | Lair:3   | Noticed Sonja
 13283 | Lair:3   | Killed Sonja
 13594 | Lair:4   | Found a staircase to the Snake Pit.
 14106 | Lair:4   | Found a staircase to the Swamp.
 14196 | Lair:4   | Received a gift from Trog
 14779 | Lair:5   | Found a staircase to the Slime Pits.
 15016 | Lair:5   | Reached skill level 15 in Axes
 15132 | Lair:5   | Found a runed door.
 15236 | Lair:5   | Noticed ck1fx's ghost (journeyman GrMo)
 15780 | Lair:6   | Entered Level 6 of the Lair of Beasts
 15839 | Lair:6   | Gained mutation: Your large and strong wings let you fly
                  | indefinitely. [Gargoyle growth]
 15839 | Lair:6   | Reached XP level 14. HP: 60/92 MP: 14/14
 15991 | Lair:6   | Reached skill level 16 in Axes
 16460 | Lair:6   | Received a gift from Trog
 16632 | Lair:6   | Noticed Kirke
 16662 | Lair:6   | Killed Kirke
 16922 | Lair:6   | Identified the Reference Book on Darkness
 17391 | D:12     | Reached skill level 1 in Unarmed Combat
 17403 | D:12     | Found a runed gate.
 17404 | D:12     | Found a runed gate.
 17405 | D:12     | Found a runed gate.
 17406 | D:12     | Noticed Fang's ghost (journeyman GrBe)
 17726 | D:12     | Reached skill level 5 in Dodging
 17854 | D:12     | Paralysed by fainting for 11 turns
 17856 | D:12     | HP: 4/94 [killer bee (6)]
 17856 | D:12     | Slain by a killer bee

Skill      XL: |  1  2  3  4  5  6  7  8  9 10 11 12 13 14 |
---------------+-------------------------------------------+-----
Axes           | 3 4 5 6 7 9 11 13 14 15 16 | 16.6
Fighting       | 4 5 6 7 8 9 11 12 13 | 13.4
Armour         | 3 4 6 7 8 9 10 11 12 | 12.0
Dodging        | 2 3 4 5 |  5.1
Stealth        | 1 2 3 |  3.0
Unarmed Combat | 1 |  1.3

Action                   |  1- 3 |  4- 6 |  7- 9 | 10-12 | 13-15 || total
-------------------------+-------+-------+-------+-------+-------++-------
Melee: Hand axe          |    91 |   170 |    85 |       |       ||   346
       War axe           |       |       |   388 |   574 |   298 ||  1260
       Battleaxe         |       |       |       |       |   382 ||   382
       Unarmed           |       |       |       |       |    16 ||    16
       Executioner's axe |       |       |       |       |     6 ||     6
Invok: Berserk           |     1 |     3 |     6 |     6 |     5 ||    21
       Brothers in Arms  |       |       |       |     4 |     3 ||     7
 Abil: Fly               |       |       |       |       |     1 ||     1
  Use: Scroll            |       |       |    22 |     9 |     5 ||    36
       Potion            |       |       |       |     1 |     1 ||     2
  Eat: Chunk             |     1 |     8 |    13 |    22 |    24 ||    68
       Ration            |       |       |     2 |     1 |       ||     3
Armor: Animal skin       |     8 |       |       |       |       ||     8
       Chain mail        |    39 |   146 |   157 |   104 |       ||   446
       Plate armour      |       |       |   172 |   235 |       ||   407
       Scale mail        |       |       |       |    26 |   566 ||   592
Dodge: Dodged            |    55 |    97 |   201 |   276 |   451 ||  1080
